[Event "Late-Titled-Tuesday-Blitz-June-25-2024"]
[Site "Chess.com"]
[Date "2024.06.25"]
[Round "6"]
[White "Alexander_Khlebovich"]
[Black "Pitomina"]
[Result "0-1"]
[WhiteElo "2814"]
[BlackElo "2566"]
[TimeControl "180+1"]
[EndTime "15:06:15 PDT"]
[Termination "Pitomina won by checkmate"]

1. d4 d5 2. c4 Bf5 3. cxd5 Bxb1 4. Qa4+ c6 5. Rxb1 Qxd5 6. Nf3 Nf6 7. e3 Nbd7 8. Qc4 e6 9. Bd3 Nb6 10. Qxd5 exd5 11.
Bd2 a5 12. Ne5 Bb4 13. f3 Ke7 14. Rc1 Ne8 15. Ke2 f6 16. Ng4 Bxd2 17. Kxd2 Nd6 18.
e4 Nbc4+ 19. Bxc4 Nxc4+ 20. Kc3 h5 21. Nf2 Kd6 22. b3 Nb6 23. Nd3 Nd7 24. Rce1 a4 25. e5+ fxe5 26. dxe5+ Ke7 27. e6 Nf8 28. Nc5 axb3 29.
axb3 Rh6 30. Nxb7 Rxe6 31. Nc5 Rxe1 32. Rxe1+ Kd6 33. b4 Ra2 34. Re8 Nh7 35. Re6+ Kc7 36. Re7+ Kd6 37. Rd7+ Ke5 38. Rxg7 Nf6 39. Re7+ Kf5 40.
Nd3 h4 41. Re5+ Kg6 42. Nf4+ Kf7 43. Rf5 Ke7 44. Ng6+ Ke6 45. Nxh4 Ra3+ 46. Kb2 Rd3 47. Rg5 d4 48. Nf5 Nd5 49. g4 Nxb4 50. h4 c5 51. h5 c4 52. Nxd4+ Rxd4 53. Kc3 Nc6 54. Rc5 Rd6 55. h6 Ne5 56. g5 Rd3+ 57. Kc2 Rxf3 58. Rc8 Rh3 59. Re8+ Kf5 60. Rg8 Ng6 61. Rc8 Rh4 62.
Rc5+ Ne5 63. Kc3 Rh3+ 64. Kd4 Rd3# 0-1

[Event "Late-Titled-Tuesday-Blitz-June-25-2024"]
[Site "Chess.com"]
[Date "2024.06.25"]
[Round "6"]
[White "CrimeFightingSpider07"]
[Black "XDPS"]
[Result "0-1"]
[WhiteElo "2557"]
[BlackElo "2832"]
[TimeControl "180+1"]
[EndTime "15:06:16 PDT"]
[Termination "XDPS won by resignation"]

1. Nf3 d5 2. d4 Nf6 3. c4 c6 4. e3 e6 5. Bd3 Nbd7 6. O-O Be7 7. Nbd2 O-O 8. b3 b6 9. Bb2 Bb7 10. e4 dxe4 11. Nxe4 c5 12. Re1 Qc7 13. Nxf6+ Bxf6 14. Be4 Rad8 15. Bxb7 Qxb7 16. Qe2 cxd4 17. Bxd4 Bxd4 18.
Nxd4 Nc5 19. Rad1 Rd7 20. Nf3 Rfd8 21. Ne5 Rd4 22. Rxd4 Rxd4 23. Rd1 Qe4 24. Rxd4 Qxd4 25. h3 a5 26. Nc6 Qd6 27. Qe5 Qxe5 28. Nxe5 f6 29.
Nf3 Nd3 30. Nd2 Kf7 31. Kf1 Ke7 32. a3 Kd6 33. Ke2 Nf4+ 34. Kf3 e5 35. h4 f5 36. g3 Ne6 37. Ke3 Nd4 38. Kd3 Kc5 39. Kc3 Nc6 40. b4+ Kd6 41. Nb3 axb4+ 42. axb4 g6 43. c5+ bxc5 44.
Nxc5 Kd5 45. Nd3 Nd4 46. Kd2 e4 47. Nf4+ Kc4 48. h5 g5 49. Nh3 h6 50. Ke3 Nc2+ 51. Ke2 Nxb4 52. Ng1 Kd4 53. f3 Nd5 54. fxe4 fxe4 55.
Nh3 Nc3+ 56. Ke1 Nd5 57. Nf2 Nf6 58. Kd1 Ke3 59. Ke1 Kf3 60. Kf1 Kxg3 61. Ke2 Kf4 62.
Nh3+ Kf5 63. Nf2 Nxh5 64. Ke3 Nf6 65. Nh3 h5 66. Nf2 Ng4+ 0-1

[Event "Late-Titled-Tuesday-Blitz-June-25-2024"]
[Site "Chess.com"]
[Date "2024.06.25"]
[Round "6"]
[White "shirovin"]
[Black "maurovargas01"]
[Result "0-1"]
[WhiteElo "2094"]
[BlackElo "1953"]
[TimeControl "180+1"]
[EndTime "15:06:16 PDT"]
[Termination "maurovargas01 won by checkmate"]

1. e4 d5 2. exd5 Qxd5 3. Nc3 Qa5 4. b4 Qxb4 5. Rb1 Qd6 6. d4 c6 7. Nf3 Nf6 8. Bc4 Bg4 9. Rxb7 Bxf3 10. gxf3 Nbd7 11.
Ne4 Nxe4 12. fxe4 Nb6 13. Bb3 Qb4+ 14. Kf1 g6 15. Qf3 f6 16. Bb2 Qa5 17. e5 Qa6+ 18. Kg2 Qxb7 19. exf6 O-O-O 20. d5 Nxd5 21. fxe7 Bxe7 22.
Bxh8 Rxh8 23. Re1 Bd6 24. Re6 Nf4+ 25. Kh1 Nxe6 26. Qf6 c5+ 27. Kg1 Re8 28. Bxe6+ Kb8 29. f3 Qb1+ 30. Kg2 Qxc2+ 31. Kf1 Qd1+ 32. Kf2 Qd2+ 33.
Kf1 Qd3+ 34. Kf2 Qd4+ 35. Qxd4 cxd4 36. Bd5 Bc5 37. f4 Kc7 38. Bc4 Kd6 39. Kf3 Bb6 40.
Kg4 Re3 41. h4 Ba5 42. h5 Bd8 43. hxg6 hxg6 44. Bf7 Re6 45. Bxe6 Kxe6 46. Kf3 Bb6 47. Ke4 Kf6 48. a3 Ke6 49. Kd3 Kf5 50. a4 Kxf4 51.
a5 Bxa5 52. Kxd4 Bb6+ 53. Kd5 g5 54. Kc4 g4 55. Kb5 g3 56. Ka6 g2 57. Kb7 g1=Q 58.
Kb8 Qf1 59. Ka8 Qa6 60. Kb8 Qb5 61. Ka8 Qe8+ 62. Kb7 Qd7+ 63. Ka8 Qc8# 0-1

[Event "Late-Titled-Tuesday-Blitz-June-25-2024"]
[Site "Chess.com"]
[Date "2024.06.25"]
[Round "6"]
[White "Roedor"]
[Black "pooh2012"]
[Result "0-1"]
[WhiteElo "2398"]
[BlackElo "2593"]
[TimeControl "180+1"]
[EndTime "15:06:17 PDT"]
[Termination "pooh2012 won by checkmate"]

1. d4 Nf6 2. c4 e6 3. g3 d5 4.
Bg2 dxc4 5. Nf3 Bb4+ 6. Nbd2 O-O 7.
O-O c5 8. dxc5 Bxc5 9. Nxc4 Nc6 10. Bf4 Nd5 11. Nfe5 Nxf4 12. gxf4 Nxe5 13. Nxe5 Bd4 14.
Qb3 Qb6 15. Nd3 Qxb3 16. axb3 Rb8 17. e3 Bb6 18. Rfc1 Rd8 19. Nc5 Kf8 20. b4 Ke7 21. Rd1 Rxd1+ 22. Rxd1 a5 23. Na4 Bc7 24. Rc1 Kd8 25. b5 b6 26. Bc6 Bd6 27. Nc3 Bb4 28. Ne4 Ke7 29. Kg2 h6 30. Kf3 Bd7 31. Bxd7 Kxd7 32.
Rc6 f5 33. Ng3 g6 34. Ne2 Bc5 35. Nc3 Rc8 36. Rxc8 Kxc8 37. Ke2 Kc7 38. Kd3 Kd6 39. f3 g5 40. fxg5 hxg5 41. h3 Ke5 42. Na4 Kd5 43. e4+ fxe4+ 44. fxe4+ Kd6 45. b3 Bg1 46. Nb2 Kc5 47.
Nc4 Kxb5 48. Ne5 Kb4 49. Nf3 Bc5 50. Nxg5 Kxb3 51. h4 a4 52. Nf3 a3 53. Nd2+ Kb2 54. Nc4+ Kb1 55. Nxa3+ Bxa3 56. Kc4 Bb2 57. Kb5 Kc2 58.
Kxb6 Kd3 59. Kc5 Kxe4 60. h5 Kf5 61. Kd6 Bh8 62. Ke7 e5 63. Kf7 e4 64. Kg8 Bf6 65. h6 e3 66. Kf7 e2 67. h7 e1=Q 68. h8=Q Qe6+ 69. Kf8 Qe7+ 70. Kg8 Qe8+ 71. Kh7 Qxh8# 0-1

[Event "Late-Titled-Tuesday-Blitz-June-25-2024"]
[Site "Chess.com"]
[Date "2024.06.25"]
[Round "6"]
[White "Oleg_Papayan"]
[Black "chesspilot01"]
[Result "1-0"]
[WhiteElo "2500"]
[BlackElo "2328"]
[TimeControl "180+1"]
[EndTime "15:06:19 PDT"]
[Termination "Oleg_Papayan won on time"]

1. d4 d5 2. Nc3 Nf6 3. Bf4 a6 4.
e3 e6 5. a3 Bd6 6. Nf3 Nc6 7.
Bd3 Ne7 8. O-O Bxf4 9. exf4 Ng6 10. g3 O-O 11. Ne5 Qd6 12. b4 a5 13. b5 c5 14. bxc6 bxc6 15. Na4 Ba6 16. Nc5 Bxd3 17. cxd3 Ne7 18. Qa4 Rfb8 19. Rab1 Ne8 20. Ned7 Rxb1 21.
Rxb1 Nc7 22. Rb7 Nb5 23. Nb6 Re8 24. Nbd7 Nf5 25. Qxa5 Nbxd4 26. Qc7 Ne2+ 27. Kf1 Nc3 28. Qxd6 Nxd6 29. Rb6 Ndb5 30. a4 Nd4 31. a5 f6 32.
a6 Ncb5 33. Rb8 Rxb8 34. Nxb8 e5 35. fxe5 fxe5 36. Nbd7 e4 37. dxe4 dxe4 38. Ne5 Kf8 39. Nb7 Ke7 40. Na5 Ke6 41. Nexc6 Nxc6 42. Nxc6 Kd6 43.
a7 Nc7 44. Na5 Kc5 45. Nb3+ Kb6 46. Nd2 Kxa7 47. Nxe4 Kb6 48. Ke2 Kc6 49. Ke3 Kd5 50.
f4 Ne6 51. Ng5 Nf8 52. Kf3 h6 53. Nf7 Ke6 54. Ne5 Nh7 55. g4 Kf6 56. h4 Nf8 57. Ke4 Ne6 58. Nf3 Kf7 59. f5 Nf8 60. Ne5+ Kf6 61. Kf4 1-0

[Event "Late-Titled-Tuesday-Blitz-June-25-2024"]
[Site "Chess.com"]
[Date "2024.06.25"]
[Round "6"]
[White "VaglioSagan"]
[Black "GelmanAlexander"]
[Result "0-1"]
[WhiteElo "2548"]
[BlackElo "2708"]
[TimeControl "180+1"]
[EndTime "15:06:31 PDT"]
[Termination "GelmanAlexander won by checkmate"]

1. d4 c5 2. e3 Nf6 3. Nf3 d6 4. c3 b6 5. Nbd2 Bb7 6. Bd3 Nbd7 7. O-O e6 8. e4 Be7 9. Qe2 O-O 10. Rd1 cxd4 11. cxd4 Rc8 12. Nf1 Rc7 13. Bg5 h6 14. Bd2 Qa8 15. Ng3 Rfc8 16. Bc3 a6 17. d5 e5 18. Nf5 Bf8 19. a4 g6 20. Ng3 Nc5 21.
Bc2 h5 22. Nxe5 dxe5 23. Bxe5 Bg7 24. Bxc7 Rxc7 25. b4 Ncd7 26. Bb3 h4 27. Nf1 h3 28. Rac1 Rxc1 29. Rxc1 hxg2 30. Ng3 Qb8 31. a5 bxa5 32. bxa5 Qf4 33. Rd1 Ne5 34. Kxg2 Bc8 35. Qe3 Qg4 36. f4 Nc4 37. Qf3 Qh3+ 38. Kg1 Bg4 39. Qf1 Qxf1+ 40. Rxf1 Nd2 41. e5 Nh5 42. Bc2 Nxf1 43. Kxf1 Nxf4 44.
d6 Bxe5 45. Bb3 Bxd6 46. Bc4 Bc8 47. Ne4 Bc7 48. Nc5 Bxa5 49. Bxa6 Bxa6+ 50. Nxa6 Nh5 51. Nc5 Bc7 52. Kg2 Kg7 53. Ne4 f5 54. Nc5 Be5 55.
Nd3 Kf6 56. Ne1 Nf4+ 57. Kf3 g5 58. Kf2 g4 59. Kf1 Kg5 60. Kg1 Bd4+ 61. Kh1 Kh4 62. Nc2 Bf2 63. Nb4 Kh3 64. Nc2 Ne2 65. Ne3 g3 66. Ng2 gxh2 67. Nf4+ Kg4 68. Ng2 Bg1 69.
Ne3+ Bxe3 70. Kxh2 f4 71. Kg2 f3+ 72. Kf1 Ng3+ 73.
Ke1 f2+ 74. Kd1 f1=Q+ 75. Kc2 Qc4+ 76. Kd1 Qc1# 0-1

[Event "Late-Titled-Tuesday-Blitz-June-25-2024"]
[Site "Chess.com"]
[Date "2024.06.25"]
[Round "6"]
[White "pinelone"]
[Black "zverr1"]
[Result "0-1"]
[WhiteElo "2429"]
[BlackElo "2569"]
[TimeControl "180+1"]
[EndTime "15:06:33 PDT"]
[Termination "zverr1 won by checkmate"]

1. Nf3 g6 2. e4 c5 3. d4 cxd4 4. Qxd4 Nf6 5. Nc3 Nc6 6. Qa4 d6 7. e5 dxe5 8. Nxe5 Bd7 9. Nxd7 Nxd7 10. Bb5 Bg7 11. O-O O-O 12. Bxc6 bxc6 13. Qh4 Nf6 14. Bh6 Bxh6 15. Qxh6 Qb6 16. Rab1 Rfd8 17. Qe3 Qxe3 18. fxe3 Rd2 19. Rf2 Rad8 20. h3 Rxf2 21. Kxf2 Rd2+ 22.
Kf3 Rxc2 23. g4 g5 24. Na4 Nd5 25. Rd1 Rh2 26. Kg3 Re2 27. Rd3 Rxe3+ 28. Rxe3 Nxe3 29.
Nc5 Kg7 30. Kf3 Nc4 31. b3 Nd6 32. Nd7 f6 33. Nb8 c5 34. Nc6 Nc8 35. Ke4 e6 36.
Nd8 Nd6+ 37. Kd3 e5 38. Ne6+ Kg6 39. Nxc5 f5 40. gxf5+ Kxf5 41. a4 h5 42. Ke3 g4 43.
hxg4+ Kxg4 44. Nd3 Kf5 45. Nf2 h4 46. a5 a6 47. b4 Nc4+ 48. Kd3 Nd6 49. Ke3 Nb5 50. Kd3 Kf4 51. Ke2 e4 52. Nh3+ Kg3 53. Nf2 Kg2 54.
Nxe4 h3 55. Nf2 h2 56. Ke1 Nc3 57. Nh1 Kxh1 58. Kf1 Ne4 59. b5 axb5 60. a6 Nd2+ 61. Kf2 Nc4 62. a7 Nb6 63. Kf1 b4 64. Ke2 Na8 65.
Kd3 Kg2 66. Kc4 h1=Q 67. Kxb4 Qa1 68. Kc5 Qxa7+ 69. Kc6 Qb6+ 70. Kd5 Nc7+ 71. Kc4 Qb5+ 72. Kd4 Qd5+ 73. Kc3 Qe4 74. Kd2 Qf3 75. Ke1 Qf2+ 76. Kd1 Kf3 77. Kc1 Ke3 78. Kb1 Kd3 79. Ka1 Kc3 80. Kb1 Qb2# 0-1

[Event "Late-Titled-Tuesday-Blitz-June-25-2024"]
[Site "Chess.com"]
[Date "2024.06.25"]
[Round "6"]
[White "ritanovikova"]
[Black "MathiasWomacka"]
[Result "0-1"]
[WhiteElo "2255"]
[BlackElo "2519"]
[TimeControl "180+1"]
[EndTime "15:06:33 PDT"]
[Termination "MathiasWomacka won by resignation"]

1. e4 c5 2. Nc3 Nc6 3. d3 g6 4.
g3 Bg7 5. Be3 d6 6. Bg2 e5 7. Qd2 Nge7 8. Bh6 O-O 9. h4 Bxh6 10.
Qxh6 f6 11. Qd2 Nd4 12. Nd1 d5 13. c3 Ndc6 14. h5 g5 15. Ne3 d4 16. Nd5 Nxd5 17. exd5 Ne7 18. c4 Nf5 19. Be4 Nd6 20. f4 f5 21. Bg2 e4 22. O-O-O Bd7 23. fxg5 e3 24.
Qe2 Qxg5 25. Nf3 Qf6 26. Rdg1 b5 27. g4 fxg4 28. Nh2 Qf2 29. Bf1 Kh8 30. Nxg4 Qxe2 31. Bxe2 bxc4 32. dxc4 Bxg4 33. Rxg4 Rf2 34. Re1 Rg8 35.
Rxg8+ Kxg8 36. Kc2 Kg7 37. Kd3 Kf6 38. Rf1 Rxf1 39.
Bxf1 Nf7 40. a3 a5 41. b4 axb4 42. axb4 Ne5+ 43. Ke4 cxb4 44. Kxd4 b3 45. Kc3 Nf3 46. Be2 Ng1 47. Bg4 Ke5 48. Kxb3 e2 49. Bxe2 Nxe2 50. Kc2 Ng3 51. h6 Nf5 52. Kd3 Nxh6 53. Ke3 Nf7 54. Kf3 Kd4 55. Kg4 Kxc4 56. Kf5 Kxd5 57. Kf6 h6 58.
Kf5 Kd6 59. Kg4 Ke6 60. Kh5 Kf6 61. Kh4 Kg6 62. Kh3 h5 63. Kh2 Kg5 64. Kh3 Ne5 65. Kh2 Kg4 66. Kh1 h4 67. Kh2 h3 68.
Kh1 Kg3 69. Kg1 Ng4 70. Kh1 Nf2+ 71. Kg1 h2+ 0-1

[Event "Late-Titled-Tuesday-Blitz-June-25-2024"]
[Site "Chess.com"]
[Date "2024.06.25"]
[Round "6"]
[White "Beaterawn"]
[Black "Sasha_Solovev_777"]
[Result "1/2-1/2"]
[WhiteElo "2400"]
[BlackElo "2265"]
[TimeControl "180+1"]
[EndTime "15:06:37 PDT"]
[Termination "Game drawn - insufficient material"]

1. e4 c5 2. Nf3 d6 3. d4 cxd4 4. Nxd4 Nf6 5. Nc3 a6 6. f4 g6 7. e5 dxe5 8. fxe5 Nd5 9. Nxd5 Qxd5 10. Nf3 Qxd1+ 11. Kxd1 Nc6 12. Bf4 Bg7 13. h3 Bf5 14. c3 h6 15. Bc4 e6 16. Re1 g5 17.
Bg3 g4 18. Nh4 O-O-O+ 19. Kc1 Bd3 20. Bb3 h5 21. Bf4 b5 22. Bc2 Kb7 23. hxg4 hxg4 24. g3 Bf8 25. Bxd3 Rxd3 26. Kc2 Rd5 27. Rad1 Rxd1 28.
Rxd1 Kc7 29. a4 Be7 30. axb5 axb5 31. Ng2 Rh2 32. Rd2 b4 33. Ne3 Rh1 34. Nxg4 bxc3 35. bxc3 Na5 36. Rd4 Bc5 37. Ra4 Nc6 38. Re4 Rg1 39. Nf6 Rg2+ 40. Kd3 Ne7 41. Re2 Rg1 42. Ne4 Bb6 43. Ng5 Nf5 44. Nxf7 Nxg3 45. Bxg3 Rxg3+ 46. Kc2 Re3 47. Rxe3 Bxe3 48. Kd3 Bc1 49.
Ke4 Kd7 50. c4 Ba3 51. Ng5 Ke7 52. Nf3 Bc5 53. Nd4 Bb6 54. Nb3 Bg1 55. c5 Kd7 56.
Kd3 Kc6 57. Kc4 Bf2 58. Na5+ Kc7 59. Kb5 Bg3 60. Nc4 Bf4 61. c6 Bg3 62. Kc5 Bf2+ 63. Kb5 Bg3 64. Nb6 Bxe5 65. Na8+ Kc8 66. Kb6 Bd4+ 67.
Kb5 e5 68. Kc4 Bg1 69. Kd5 Bh2 70. Nb6+ Kc7 71. Nd7 e4 72. Kxe4 Kxc6 1/2-1/2

[Event "Late-Titled-Tuesday-Blitz-June-25-2024"]
[Site "Chess.com"]
[Date "2024.06.25"]
[Round "6"]
[White "ChristopherYoo"]
[Black "SpeedofLight0"]
[Result "1-0"]
[WhiteElo "3047"]
[BlackElo "3149"]
[TimeControl "180+1"]
[EndTime "15:06:39 PDT"]
[Termination "ChristopherYoo won by checkmate"]

1. d4 Nf6 2. Nf3 g6 3. c4 Bg7 4. Nc3 d6 5. e4 O-O 6. Be2 e5 7. Be3 Na6 8. O-O Qe7 9. dxe5 dxe5 10. Nd5 Qd8 11. Bg5 c6 12. Nxf6+ Bxf6 13. Qxd8 Bxd8 14. Be3 Bg4 15. c5 Nc7 16. Bc4 Re8 17. Rad1 Kg7 18. Rd2 f6 19. Rfd1 Be7 20. h3 Be6 21. Bxe6 Nxe6 22.
Rd7 Rab8 23. Nd2 Nf8 24. Rd3 Red8 25. Nc4 Ne6 26. b4 Rxd3 27. Rxd3 Rd8 28. Rxd8 Nxd8 29.
Kf1 Kf7 30. Ke2 Ke6 31. Kd3 Kd7 32. g4 Ne6 33. g5 Nd8 34. gxf6 Bxf6 35. Na5 h5 36. a4 a6 37. Nc4 Nf7 38. Bd2 Bd8 39. Ke2 Ke6 40. Kf3 Bg5 41. Bc3 Bd8 42. Kg2 Bc7 43. f3 Nd8 44. Bd2 Kf6 45. Be3 Ne6 46. h4 Kf7 47. Kg3 Kf6 48. Bd2 g5 49. hxg5+ Nxg5 50. Be3 Ne6 51. Kh4 Kg6 52. Kg3 Kf6 53. Kh4 Kg6 54. Kg3 Nd4 55. Bd2 Ne2+ 56. Kh4 Nd4 57. Kg3 h4+ 58. Kxh4 Nxf3+ 59. Kg4 Nd4 60. Bc3 Kf6 61.
Bxd4 exd4 62. Kf3 Kg5 63. Ke2 Bd8 64. Kd3 Bf6 65. Na5 Bd8 66. Nxb7 Bc7 67. Kxd4 Kf4 68. Nd6 Kg5 69. b5 cxb5 70. axb5 axb5 71. Nxb5 Bd8 72. c6 Bb6+ 73. Kd5 Kf4 74. c7 Bxc7 75. Nxc7 Kg5 76. e5 Kg6 77. e6 Kf6 78. Kd6 Kg7 79. e7 Kf7 80. e8=Q+ Kf6 81. Qf8+ Kg5 82. Ne6+ Kg4 83. Qf4+ Kh3 84. Qg5 Kh2 85. Nf4 Kh1 86. Qg2# 1-0

[Event "Late-Titled-Tuesday-Blitz-June-25-2024"]
[Site "Chess.com"]
[Date "2024.06.25"]
[Round "6"]
[White "RaugintaBulba"]
[Black "BerlinDrawer"]
[Result "1/2-1/2"]
[WhiteElo "2468"]
[BlackElo "2627"]
[TimeControl "180+1"]
[EndTime "15:06:40 PDT"]
[Termination "Game drawn by repetition"]

1. d4 c6 2. c4 d5 3. Nf3 Nf6 4. g3 e6 5. Bg2 dxc4 6. Ne5 b5 7.
Nxc6 Nxc6 8. Bxc6+ Bd7 9. Bxa8 Qxa8 10. O-O e5 11. f3 Bh3 12. Rf2 Qc6 13. dxe5 Nd5 14. e4 Nb4 15. Be3 Nd3 16. Rd2 Bc5 17. Rxd3 cxd3 18. Qxd3 Bxe3+ 19. Qxe3 Qc2 20. Qd2 Qc5+ 21.
Kh1 b4 22. a3 Qb5 23. Qd1 O-O 24. axb4 Qxb4 25. Nc3 Qxb2 26. Ne2 Qxe5 27. Nf4 Bc8 28. Rxa7 h5 29. Ra8 h4 30. Nd5 hxg3 31. hxg3 Qxg3 32. Ne7+ Kh7 33. Rxc8 Rxc8 34. Nxc8 Qh3+ 35. Kg1 Qxc8 36. Qe2 Qc5+ 37. Kg2 Qg5+ 38. Kf2 Qf4 39. Qb5 g6 40. Qd7 Kg7 41. Qd4+ Kh7 42. Qd7 Qf6 43.
e5 Qh4+ 44. Kg2 Qg5+ 45. Kf2 Kg8 46. e6 Qc5+ 47. Kg2 Qc2+ 48. Kg3 Qf5 49. Qd8+ Kg7 50. e7 Qe5+ 51. Kf2 Qc5+ 52. Ke2 Qe5+ 53. Kd3 Qb5+ 54. Kc3 Qc5+ 55. Kd2 Qf2+ 56. Kc1 Qe1+ 57. Kc2 Qe2+ 58. Kb1 Qb5+ 59. Ka2 Qa4+ 60. Kb2 Qb4+ 61. Kc2 Qc4+ 62. Kd2 Qb4+ 63. Ke3 Qe1+ 64. Kd4 Qa1+ 65. Kc5 Qa3+ 66. Kb5 Qb3+ 67. Kc6 Qxf3+ 68. Kc7 Qc3+ 69. Kb8 Qb4+ 70.
Kc8 Qc5+ 71. Qc7 Qf5+ 72. Qd7 Qc5+ 73. Qc7 Qf5+ 74. Kb8 Qb5+ 75. Kc8 Qf5+ 1/2-1/2

[Event "Late-Titled-Tuesday-Blitz-June-25-2024"]
[Site "Chess.com"]
[Date "2024.06.25"]
[Round "6"]
[White "esskeettit"]
[Black "TheAlienParty"]
[Result "1/2-1/2"]
[WhiteElo "2494"]
[BlackElo "2349"]
[TimeControl "180+1"]
[EndTime "15:06:42 PDT"]
[Termination "Game drawn by repetition"]

1. d4 Nf6 2. c4 e6 3. Nc3 Bb4 4.
Qc2 c5 5. dxc5 Na6 6. Nf3 Nxc5 7. Bg5 h6 8. Bh4 g5 9. Bg3 Nce4 10. Be5 Bxc3+ 11. Bxc3 Qb6 12. e3 Nxc3 13. Qxc3 Ke7 14. Bd3 g4 15. Ne5 d6 16. Nxg4 Nxg4 17. Qxh8 Nf6 18. O-O Qxb2 19. Qxh6 b6 20. e4 Bb7 21. Rfe1 Qxf2+ 22. Kxf2 Ng4+ 23. Ke2 Nxh6 24. h3 f6 25. g4 Nf7 26. Kf3 Ng5+ 27. Kg3 Rg8 28. h4 Nf7 29. Re3 Ne5 30. Be2 f5 31. exf5 exf5 32. g5 Ke6 33.
Rf1 Be4 34. Bd1 Rh8 35. Bb3 Kd7 36. Rd1 Kc6 37. Rd2 Kc5 38. Rd1 Ng6 39. Rxe4 fxe4 40. Rh1 e3 41. h5 e2 42. Kf2 Nf4 43. h6 Re8 44. Bc2 Nh3+ 45. Kg3 Nxg5 46. h7 Nxh7 47.
Kf2 e1=Q+ 48. Rxe1 Rxe1 49. Kxe1 Nf6 50. Kd2 Ng4 51.
Kc3 Ne5 52. Bb3 a5 53. a3 Nf3 54. Bd1 Ne5 55. Be2 Nc6 56. Bf1 Ne7 57. Be2 Nf5 58. Bf1 Ng3 59. Bd3 Nh5 60. Bf1 Nf4 61. a4 Ne6 62. Bd3 Nd4 63. Bf1 Nc6 64. Bd3 Nb4 65.
Bf1 Na6 66. Be2 Nc7 67. Bf1 Ne8 68. Bd3 Nf6 69. Bf1 Ng4 70. Bd3 Ne5 71. Bf1 Nf3 72. Bd3 Nh2 73. Be2 d5 74. cxd5 Kxd5 75. Kd3 Kc5 76.
Kc3 Kd5 77. Kd3 Kc5 78. Kc3 Kd5 1/2-1/2

[Event "Late-Titled-Tuesday-Blitz-June-25-2024"]
[Site "Chess.com"]
[Date "2024.06.25"]
[Round "6"]
[White "tptagain"]
[Black "FairChess_on_YouTube"]
[Result "1/2-1/2"]
[WhiteElo "3023"]
[BlackElo "3089"]
[TimeControl "180+1"]
[EndTime "15:06:45 PDT"]
[Termination "Game drawn by repetition"]

1. d4 f5 2. Nf3 Nf6 3. e3 g6 4. Be2 Bg7 5. O-O O-O 6. b4 d6 7. Bb2 Qe8 8. c4 Nbd7 9. a4 e5 10. a5 e4 11. Nfd2 g5 12. a6 bxa6 13. Nc3 Rb8 14. b5 Kh8 15. Qc2 f4 16. Kh1 Qg6 17. bxa6 g4 18. exf4 Nh5 19. Nd5 Ndf6 20. Ne7 Qh6 21.
Nxc8 Nxf4 22. Nxe4 Rxb2 23. Qxb2 Nxe4 24. Bxg4 c5 25. Qb7 Qg6 26. Ne7 Nxf2+ 27. Rxf2 Qxg4 28. Raf1 Bxd4 29. Qf3 Qh4 30. g3 Qxe7 31. gxf4 Bxf2 32. Rxf2 Qf7 33. Qe4 Qf6 34. Qb7 Qa1+ 35. Kg2 Rg8+ 36. Kh3 Qc3+ 37. Qf3 Qxc4 38. f5 Qd4 39. Qf4 Qxf4 40.
Rxf4 Kg7 41. Re4 Kf7 42. Re6 Rd8 43. Rh6 Kg7 44. Re6 Kf7 45. Rh6 Kg8 46. Kg4 c4 47.
Kf3 d5 48. Rc6 Rd7 49. Kf4 Kf7 50. Ke5 d4 51. Rxc4 d3 52. Rc1 d2 53. Rd1 Rd8 54.
h3 h5 55. h4 Rd7 56. f6 Rd8 57. Kf5 Rd5+ 58. Ke4 Rd6 59. Ke5 Re6+ 60. Kd5 Re2 61. Kc6 Kxf6 62. Kb7 Re7+ 63. Kc8 Kf5 64. Rxd2 Kg4 65.
Rd4+ Kg3 66. Kb8 Rf7 67. Rb4 Re7 68. Rb7 Re6 69. Kxa7 Kxh4 70. Rb6 Re7+ 71. Kb8 Kg3 72. Rc6 h4 73. a7 Rxa7 74. Kxa7 h3 75. Rg6+ Kf2 76.
Rh6 Kg2 77. Rg6+ Kf2 78. Rh6 Kg2 79. Rg6+ Kf2 1/2-1/2

[Event "Late-Titled-Tuesday-Blitz-June-25-2024"]
[Site "Chess.com"]
[Date "2024.06.25"]
[Round "6"]
[White "AryanTari"]
[Black "DenLaz"]
[Result "0-1"]
[WhiteElo "3029"]
[BlackElo "3135"]
[TimeControl "180+1"]
[EndTime "15:06:53 PDT"]
[Termination "DenLaz won by resignation"]

1. e4 c5 2. Nf3 e6 3. d4 cxd4 4.
Nxd4 Nc6 5. Bf4 d6 6. Nxc6 bxc6 7. c4 Rb8 8. Qc2 c5 9. Nc3 Ne7 10. O-O-O Nc6 11. e5 Nd4 12. Qa4+ Bd7 13. Qa3 f6 14. exd6 e5 15. Be3 Bxd6 16. Bxd4 exd4 17. Re1+ Kf7 18.
Nd5 Bc6 19. Qh3 Qd7 20. Qh5+ g6 21. Qf3 Qf5 22. Qxf5 gxf5 23. Bd3 Bd7 24. f4 h5 25. Kc2 h4 26. Rhf1 Rbe8 27. a3 a5 28. Nb6 Bc6 29. Nd5 Rhg8 30. Rxe8 Rxe8 31. Rf2 Bd7 32.
Re2 Rg8 33. Kd2 Be6 34. Ke1 Rb8 35. Kd1 Rb7 36. g3 Rb8 37. Ke1 hxg3 38. hxg3 Rh8 39. Kf2 Rh1 40. Kg2 Rd1 41. Bc2 Rc1 42. Bd3 Bxd5+ 43.
cxd5 c4 44. Rc2 Rxc2+ 45. Bxc2 d3 46. Ba4 Bxa3 47. Bb5 d2 48. Ba4 Bxb2 49. Kf3 Ke7 50. Ke2 c3 51. Kd3 Kd6 52. Kc4 Kc7 53. Kc5 Ba3+ 54.
Kc4 Bb4 55. Bc2 Kb6 56. Ba4 Kc7 57. Bc2 Kd6 58. Ba4 Bc5 59. Kxc3 Kxd5 60. Kxd2 Kd4 61. Bc2 Bb4+ 62. Kc1 Be1 63. Bxf5 Bxg3 64. Be6 Bxf4+ 65. Kb1 Bd6 66. Bc8 Bb4 67. Ka2 Ke5 68. Kb3 f5 69. Kc2 Ke4 70. Kd1 f4 71. Ke2 f3+ 72. Kf2 Bc5+ 73. Kg3 Ke3 74. Bb7 f2 75. Kg2 Kd2 76. Kf1 Kc3 77. Bd5 a4 78. Be6 a3 79. Ke2 Kb2 80. Kf1 a2 81. Bxa2 Kxa2 82. Ke2 Kb3 83. Kf1 Kc2 84. Ke2 Kc3 85. Kf1 Kd3 0-1

[Event "Late-Titled-Tuesday-Blitz-June-25-2024"]
[Site "Chess.com"]
[Date "2024.06.25"]
[Round "6"]
[White "LoonsDeKoeben"]
[Black "campochess"]
[Result "1-0"]
[WhiteElo "2419"]
[BlackElo "2216"]
[TimeControl "180+1"]
[EndTime "15:07:02 PDT"]
[Termination "LoonsDeKoeben won on time"]

1. Nf3 c5 2. e4 Nc6 3. d4 cxd4 4. Nxd4 e5 5. Nb5 a6 6. Nd6+ Bxd6 7. Qxd6 Qe7 8. Qd1 Nf6 9. Nc3 d6 10. Bg5 Be6 11.
Nd5 Bxd5 12. exd5 Nb8 13. a4 h6 14. Be3 Nbd7 15. a5 Rc8 16. c4 O-O 17. f3 e4 18.
f4 Rfe8 19. b4 Nf8 20. Be2 N6d7 21. O-O f5 22. Kh1 Ng6 23. g4 fxg4 24. Bxg4 Rxc4 25.
Be6+ Kh8 26. f5 Nge5 27. Qh5 Nf6 28. Qh4 Nxd5 29. Qxe7 Nxe7 30. f6 gxf6 31. Rxf6 N7g6 32. Rg1 Kg7 33. Rgf1 Rxe6 34. Rxe6 Rxb4 35. Rxd6 Rb3 36. Bd4 Kh7 37. Rff6 Rf3 38. Bxe5 Nxe5 39. Rxf3 exf3 40.
Re6 Nc4 41. Re7+ Kg6 42. Rxb7 Nxa5 43. Rb6+ Kg5 44. Rxa6 Nc4 45. Kg1 Ne5 46. Kf2 Kf4 47. Ra4+ Kf5 48. Rh4 Kg5 49. Re4 Kf5 50. Ra4 h5 51. Kg3 Kg5 52. h4+ Kf5 53. Rf4+ Ke6 54.
Rf8 Kd5 55. Rh8 Ke4 56. Rxh5 Nd3 57. Rh8 Nc1 58. Rf8 Ne2+ 59. Kf2 Nf4 60. h5 Nxh5 61. Rxf3 Nf4 62. Re3+ Kf5 63. Ra3 Nd5 64. Kf3 Ke5 65. Ra5 Kd4 66. Ke2 Nc3+ 67. Kd2 Ne4+ 68. Kc2 Nc5 69. Ra8 Kd5 70. Rd8+ Ke5 71. Kc3 Ne4+ 72.
Kd3 Nc5+ 73. Kc4 Ne6 74. Re8 Kf6 75. Kd3 Nc7 76. Rc8 Nd5 77. Rc6+ Ke5 78. Rh6 Nf4+ 79. Kc4 Ne6 80. Rh5+ Kd6 81. Rf5 1-0

[Event "Late-Titled-Tuesday-Blitz-June-25-2024"]
[Site "Chess.com"]
[Date "2024.06.25"]
[Round "6"]
[White "xasid81"]
[Black "GoltsevDmitry2000"]
[Result "1-0"]
[WhiteElo "2554"]
[BlackElo "2689"]
[TimeControl "180+1"]
[EndTime "15:07:06 PDT"]
[Termination "xasid81 won by checkmate"]

1. c4 e5 2. Nc3 Bb4 3. Qc2 Nf6 4. Nf3 Nc6 5. a3 Bxc3 6. Qxc3 d6 7. e3 a5 8. d4 exd4 9. Nxd4 O-O 10. Nxc6 bxc6 11. Bd3 c5 12. O-O Bb7 13. f3 a4 14. e4 Nd7 15.
Bf4 Ne5 16. Rad1 Qf6 17. Bxe5 Qxe5 18. Qxe5 dxe5 19. Bc2 Bc6 20. Rd2 Rfd8 21. Rxd8+ Rxd8 22. Rd1 Rb8 23. Rb1 Kf8 24. Kf2 Ke7 25. Ke3 Rd8 26. Rd1 Rd4 27. Bd3 g6 28. Rb1 Bb7 29.
Kd2 f5 30. Re1 Kf6 31. Kc3 Bc6 32. Re2 Bd7 33. Re1 Be6 34. Rb1 Bd7 35. Re1 h5 36.
Re2 h4 37. h3 Bc6 38. Re1 Bb7 39. Re2 Rd8 40. Re1 Bc6 41. Re2 Re8 42. Re1 Kg5 43. Re2 Kf4 44. b4 axb3 45. Kxb3 Rd8 46. Kc3 Rh8 47.
Kb3 Rb8+ 48. Kc3 Rd8 49. Re1 Bb7 50. Re2 Ba8 51. Re1 Bb7 52. Re2 Rd7 53. a4 Ba6 54. a5 Rd8 55. Rb2 Ke3 56. Re2+ Kf4 57. Rb2 Rf8 58. Rb5 Bxb5 59. cxb5 Ra8 60. a6 Kg3 61. exf5 gxf5 62. Bxf5 Kxg2 63. Be4 Ra7 64. f4+ Kxh3 65. fxe5 Kg3 66. e6 c6 67.
Bxc6 Kf4 68. Bd7 h3 69. e7 h2 70. e8=Q h1=Q 71. Qb8+ Ke3 72. Qe5+ Kf2 73. Qxc5+ Ke1 74. Qe3+ Kf1 75. Bh3+ Qxh3 76. Qxh3+ Kf2 77. Qh4+ Kg2 78. Qg4+ Kh2 79. Qf4+ Kg2 80. Qe4+ Kh2 81. Qe2+ Kh1 82. Qf1+ Kh2 83. Qf2+ Kh1 84. Qxa7 Kg2 85. Qf7 Kg1 86. b6 Kg2 87. a7 Kg1 88. b7 Kh2 89. b8=Q+ Kg1 90. Qbg8+ Kh2 91. Qfh7# 1-0